 Dungeon Crawl Stone Soup version 0.27-a0-1065-ge809cff456 (webtiles) character file.

Game seed: 15539293297729096674

69141 rjrrt the Executioner (level 14, -14/135 HPs)
             Began as a Minotaur Berserker on Apr 22, 2021.
             Was the Champion of Trog.
             Succumbed to Nessos's poison
             ... on level 1 of the Orcish Mines.
             The game lasted 00:44:47 (21644 turns).

rjrrt the Executioner (Minotaur Berserker)         Turns: 21644, Time: 00:44:48

Health: -14/135    AC: 21    Str: 25    XL:     14   Next: 89%
Magic:  13/13      EV: 10    Int:  8    God:    Trog [******]
Gold:   1460       SH:  5    Dex: 11    Spells: 13/13 levels left

rFire    . . .     SeeInvis .   u - +7 trident of the Lumpy Xalams {venom, Fragile +Blink Will+ Int+4}
rCold    + + +     Faith    .   (no shield)
rNeg     + . .     Spirit   .   D - +0 plate armour
rPois    .         Reflect  +   (helmet restricted)
rElec    +         Harm     .   p - +0 cloak
rCorr    +         Rampage  .   c - +1 pair of gloves
Will     +++..                  P - +0 pair of boots "Feogex" {rC+++ Str+3 Stlth+}
Stlth    ..........             q - amulet of reflection
HPRegen  0.32/turn              I - ring of Xiolouck {rElec rN+ rCorr Str-4 Slay+5}
MPRegen  0.13/turn              O - ring of willpower

@: lethally poisoned (-14 -> -87)
A: horns 2, retaliatory headbutt
a: Renounce Religion, Evoke Blink, Berserk, Trog's Hand, Brothers in Arms


You were on level 1 of the Orcish Mines.
You worshipped Trog.
Trog was exalted by your worship.
You visited 3 branches of the dungeon, and saw 20 of its levels.

You collected 1660 gold pieces.
You spent 200 gold pieces at shops.

Inventory:

Hand Weapons
 u - the +7 trident of the Lumpy Xalams (weapon) {venom, Fragile +Blink Will+ Int+4}
   (You found it on level 4 of the Dungeon)

   It poisons the flesh of those it strikes.
   It affects your intelligence (+4).
   It lets you blink.
   It will be destroyed if unequipped.
   It increases your willpower.
 C - the +6 trident "Litokk" {drain, rPois rN+ Str-3}
   (You found it on level 9 of the Dungeon)

   A truly terrible weapon, it drains the life of those it strikes.
   It affects your strength (-3).
   It protects you from poison.
   It protects you from negative energy.
 M - a +3 vorpal battleaxe
Missiles
 b - 8 datura-tipped darts (quivered)
 e - 8 javelins
 o - 8 curare-tipped darts
 y - a throwing net
Armour
 c - a +1 pair of gloves (worn)
 p - a +0 cloak (worn)
 D - a +0 plate armour (worn)
 P - the +0 pair of boots "Feogex" (worn) {rC+++ Str+3 Stlth+}
   (You found it on level 11 of the Dungeon)

   It affects your strength (+3).
   It renders you almost immune to cold.
   It makes you more stealthy.
 Q - the +3 hat of Pondering {ponderous, Will+ MP+10 Int+5}
   (You took it off Gastronok on level 11 of the Dungeon)

   It affects your intelligence (+5).
   It affects your magic capacity (+10).
   It increases your willpower.
Jewellery
 q - an amulet of reflection (around neck)
 z - a +4 ring of protection
 I - the ring of Xiolouck (left hand) {rElec rN+ rCorr Str-4 Slay+5}
   (You found it on level 3 of the Lair of Beasts)

   [ring of positive energy]

   It affects your strength (-4).
   It affects your accuracy and damage with ranged weapons and melee attacks
   (+5).
   It insulates you from electricity.
   It protects you from negative energy.
   It protects you from acid and corrosion.
 L - a ring of poison resistance
 O - a ring of willpower (right hand)
 R - a ring of flight
Wands
 j - a wand of acid (39)
 n - a wand of flame (36)
 v - a wand of iceblast (32)
 w - a wand of polymorph (7)
 G - a wand of mindburst (14)
Scrolls
 i - 2 scrolls of enchant armour
 l - 2 scrolls of blinking
 m - 4 scrolls of fear
 s - 11 scrolls of teleportation
 t - 3 scrolls of enchant weapon
 H - 2 scrolls of holy word
 J - 3 scrolls of identify
 K - a scroll of fog
 N - a scroll of magic mapping
Potions
 a - a potion of invisibility
 d - 4 potions of heal wounds
 f - 4 potions of flight
 g - a potion of lignification
 h - 3 potions of curing
 k - a potion of might
 r - 6 potions of haste
 x - 4 potions of attraction
 A - a potion of resistance
 B - a potion of ambrosia
 E - 2 potions of mutation
 F - a potion of cancellation


   Skills:
 + Level 15.1 Fighting
 + Level 21.0 Axes
 + Level 12.8 Armour
 + Level 7.6 Dodging
 - Level 5.0 Evocations


You had 13 spell levels left.
You didn't know any spells.
Your spell library was empty.

Dungeon Overview and Level Annotations

Branches:
Dungeon (12/15)            Temple (0/1) D:7            Lair (6/6) D:9
  Swamp (0/4) Lair:2       Spider (0/4) Lair:4        Slime (0/5) Lair:6
    Orc (2/2) D:12
    Elf: Orc:2

Altars:
Ashenzari
Dithmenos
Makhleb
Beogh
Jiyva

Shops:
D:1 *   D:3 !!(   Orc:2 [

Annotations:
D:3 2 runed translucent doors, noodleboyJ's ghost, amateur DrVM
Lair:1 2 transporters
Lair:2 3 runed translucent doors, Zeld's ghost, journeyman OpCj
Lair:3 3 runed translucent doors, exclusion: 4 oklob plants, rgaf's ghost, journeyman DsBr
Orc:2 Nessos


Innate Abilities, Weirdness & Mutations

You have a pair of horns on your head.
You reflexively headbutt those who attack you in melee.


Message History

The arrow hits you! The arrow burns you.
You are more poisoned.
You block the warg's attack. The orc warrior misses you.
You block the gnoll's attack.
You are too injured to fight recklessly!
Unknown command.
Unknown command.
You feel extremely sick.
Nessos stands on their hind legs for a moment.
Nessos shoots an arrow.
The arrow hits you but does no damage.
Nessos shoots an arrow.
The arrow hits you! The arrow burns you.
You are more poisoned.
The gnoll sergeant hits you but does no damage.
The orc hits you but does no damage. The warg bites you.
The orc warrior misses you.
The gnoll hits you from afar with a +0 spear.
* * * LOW HITPOINT WARNING * * *
There is a stone staircase leading up, spattered with blood here.
* * * LOW HITPOINT WARNING * * *
You feel extremely sick.
Nessos shoots an arrow.
The arrow hits you but does no damage.
Nessos shoots an arrow.
The arrow hits you!
* * * LOW HITPOINT WARNING * * *
The arrow burns you.
You are more poisoned.
* * * LOW HITPOINT WARNING * * *
The warg bites you but does no damage.
The gnoll sergeant hits you but does no damage.
The orc hits you but does no damage.
The orc warrior hits you but does no damage.
The gnoll hits you from afar with a +0 spear.
* * * LOW HITPOINT WARNING * * *
Nessos shoots an arrow.
The arrow hits you.
* * * LOW HITPOINT WARNING * * *
The arrow burns you.
You are more poisoned.
* * * LOW HITPOINT WARNING * * *
The warg bites you but does no damage.
You climb upwards.
You die...

#####.###.#..#.#..##.###
#......#...............##
.......#................##
#.........#..............#
..)).....#...#...........#
...<.....##..............##
........##................#####
........#........h.#.....##.#.##
.#......##..#...@o.......#.....##
...#...........)..........#.....#
............................#....
.................................
........#.............#.....#.#.#
#......#..............###.#######
##.....................#.#..##
.##..#.......................#
............................##


You could see a warg and an orc.

Vanquished Creatures
  Gastronok (D:11)
  An orc warlord (Orc:1)
  5 dire elephants (Lair:6)
  Snorg (D:11)
  A fire dragon (D:12)
  Erolcha (D:10)
  2 boulder beetles
  11 hydras
  Erica (Lair:1)
  An anaconda (Lair:6)
  A catoblepas (Lair:6)
  3 death yaks (Lair:5)
  2 two-headed ogres (D:10)
  A lindwurm (Lair:6)
  2 orc knights (Orc:1)
  A deep elf zephyrmancer (D:6)
  An orc sorcerer (Orc:1)
  24 elephants
  2 black mambas
  A gargoyle (D:12)
  8 cane toads
  An unseen horror (D:10)
  Maggie (Lair:1)
  7 komodo dragons
  Psyche (D:11)
  A rime drake (Lair:3)
  A kobold demonologist (D:11)
  5 trolls
  A polar bear (Lair:4)
  3 slime creatures (D:12)
  24 blink frogs
  6 dream sheep (Lair:5)
  Grinder (D:3)
  53 yaks
  A shadow (D:10)
  4 wyverns
  A wraith (D:12)
  Sigmund (D:5)
  2 basilisks (Lair:2)
  A steam dragon (D:7)
  Grum (Lair:1)
  3 wargs
  Duvessa (D:5)
  12 water moccasins
  14 orc warriors
  2 sky beasts
  2 black bears
  6 ogres
  39 wolves
  2 centaurs
  A phantom (D:5)
  A gnoll sergeant (D:7)
  7 bullfrogs
  2 scorpions
  A wyvern zombie (D:6)
  Dowan (D:5)
  5 killer bees (D:11)
  4 wights (D:8)
  9 howler monkeys
  A lava snake (D:8)
  A bullfrog zombie (D:5)
  4 hounds
  2 jellies (D:6)
  8 orc priests
  4 centaur zombies
  2 bullfrog skeletons (D:5)
  Crazy Yiuf (D:3)
  Terence (D:2)
  Jessica (D:2)
  A gnoll shaman (D:10)
  Ijyb (D:4)
  2 iguanas
  Natasha (thrice) (D:3)
  11 orc wizards
  A killer bee zombie (D:9)
  11 gnolls
  8 adders
  A howler monkey skeleton (D:7)
  4 white imps
  An ufetubus (D:7)
  3 dart slugs
  77 orcs
  6 bats
  8 endoplasms
  3 giant cockroaches
  4 hobgoblins
  4 jackals
  3 kobolds
  3 quokkas
  8 ball pythons
  2 frilled lizards
  15 goblins
  A quokka skeleton (D:4)
  6 rats
511 creatures vanquished.

Vanquished Creatures (collateral kills)
  2 yaks (Lair:1)
2 creatures vanquished.

Vanquished Creatures (others)
  49 fungi
  26 plants
75 creatures vanquished.

Grand Total: 588 creatures vanquished

Notes
Turn   | Place    | Note
-------+----------+-------------------------------------------
     0 | D:1      | rjrrt the Minotaur Berserker began the quest for the Orb.
     0 | D:1      | Reached XP level 1. HP: 19/19 MP: 0/0
    40 | D:1      | Found Qeikeips's General Store.
   106 | D:1      | Reached skill level 4 in Axes
   312 | D:1      | Reached XP level 2. HP: 26/26 MP: 1/1
   896 | D:2      | Reached skill level 5 in Axes
   920 | D:2      | Noticed Terence
   945 | D:2      | Killed Terence
   946 | D:2      | Reached XP level 3. HP: 31/31 MP: 2/2
  1191 | D:2      | Noticed Jessica
  1193 | D:2      | Killed Jessica
  1193 | D:2      | Reached ** piety under Trog
  1194 | D:2      | Reached skill level 6 in Axes
  1194 | D:2      | Reached XP level 4. HP: 39/39 MP: 3/3
  1513 | D:3      | Noticed Grinder
  1586 | D:3      | Killed Grinder
  1587 | D:3      | Reached skill level 8 in Axes
  1587 | D:3      | Reached XP level 5. HP: 45/45 MP: 4/4
  1587 | D:3      | Reached XP level 6. HP: 51/51 MP: 5/5
  1785 | D:3      | Found a large runed translucent door.
  1785 | D:3      | Found a large runed translucent door.
  1789 | D:3      | Noticed noodleboyJ's ghost (amateur DrVM)
  1842 | D:3      | Found a burning altar of Makhleb.
  1850 | D:3      | Found a faded altar of an unknown god.
  1862 | D:3      | Found Umeiwkuub's Distillery.
  1870 | D:3      | Bought a potion of curing for 30 gold pieces
  1870 | D:3      | Bought a potion of might for 40 gold pieces
  1904 | D:3      | Found Didu's Distillery.
  2070 | D:3      | Found Kodgh's Antique Weapon Emporium.
  2233 | D:3      | Found a runed translucent door.
  2234 | D:3      | Noticed Crazy Yiuf
  2241 | D:3      | Killed Crazy Yiuf
  2330 | D:3      | Noticed Natasha
  2335 | D:3      | Reached skill level 9 in Axes
  2342 | D:3      | Killed Natasha
  2526 | D:3      | Noticed Natasha
  2536 | D:3      | Killed Natasha
  2579 | D:3      | Noticed Natasha
  2583 | D:3      | Killed Natasha
  2877 | D:4      | Reached *** piety under Trog
  2878 | D:4      | Reached XP level 7. HP: 57/57 MP: 6/6
  3100 | D:4      | Reached skill level 10 in Axes
  3108 | D:4      | Identified the +7 trident of the Lumpy Xalams {venom,
                  | Fragile +Blink Will+ Int+4}
  3153 | D:4      | Noticed Ijyb
  3165 | D:4      | Killed Ijyb
  3520 | D:5      | Entered Level 5 of the Dungeon
  3601 | D:5      | Reached **** piety under Trog
  3878 | D:5      | Noticed Duvessa
  3878 | D:5      | Noticed Dowan
  3892 | D:5      | Killed Duvessa
  3893 | D:5      | Reached XP level 8. HP: 67/67 MP: 7/7
  3894 | D:5      | Killed Dowan
  4148 | D:5      | Reached skill level 5 in Fighting
  4148 | D:5      | Reached skill level 11 in Axes
  4240 | D:5      | Noticed Sigmund
  4248 | D:5      | Killed Sigmund
  4755 | D:6      | Noticed a deep elf zephyrmancer
  4759 | D:6      | Killed a deep elf zephyrmancer
  4760 | D:6      | Reached skill level 5 in Armour
  4760 | D:6      | Reached skill level 1 in Evocations
  4760 | D:6      | Reached XP level 9. HP: 75/75 MP: 8/8
  4767 | D:6      | Reached skill level 10 in Fighting
  4767 | D:6      | Reached skill level 15 in Axes
  4767 | D:6      | Reached XP level 10. HP: 93/93 MP: 9/9
  5465 | D:3      | Bought a potion of attraction for 30 gold pieces
  5465 | D:3      | Bought a potion of haste for 100 gold pieces
  5870 | D:7      | Found a staircase to the Ecumenical Temple.
  5885 | D:7      | Reached skill level 5 in Dodging
  5997 | D:7      | Found a broken altar of Ashenzari.
  6363 | D:7      | Noticed a five-headed hydra
  6368 | D:7      | Killed a five-headed hydra
  6368 | D:7      | Reached ***** piety under Trog
  7772 | D:9      | Reached skill level 16 in Axes
  7781 | D:9      | Reached XP level 11. HP: 86/101 MP: 10/10
  7892 | D:9      | Found a staircase to the Lair.
  7898 | D:9      | Identified the +6 trident "Litokk" {drain, rPois rN+ Str-3}
  8586 | Lair:1   | Entered Level 1 of the Lair of Beasts
  8586 | Lair:1   | Noticed a seven-headed hydra
  8594 | Lair:1   | Killed a seven-headed hydra
  8834 | Lair:1   | Noticed Grum
  8858 | Lair:1   | Killed Grum
  8886 | Lair:1   | Noticed a four-headed hydra
  8917 | Lair:1   | Killed a four-headed hydra
  8988 | Lair:1   | Noticed Erica
  9076 | Lair:1   | Killed Erica
  9300 | Lair:1   | Found a transporter.
  9330 | Lair:1   | Noticed Maggie
  9334 | Lair:1   | Killed Maggie
  9404 | Lair:1   | Found a transporter.
  9551 | Lair:1   | Noticed a four-headed hydra
  9562 | Lair:1   | Killed a four-headed hydra
  9563 | Lair:1   | Reached skill level 17 in Axes
 10194 | Lair:2   | Found a runed translucent gate.
 10195 | Lair:2   | Found a runed translucent gate.
 10195 | Lair:2   | Found a runed translucent gate.
 10204 | Lair:2   | Noticed Zeld's ghost (journeyman OpCj)
 10248 | Lair:2   | Reached XP level 12. HP: 110/110 MP: 11/11
 10310 | Lair:2   | Reached skill level 5 in Evocations
 10421 | Lair:2   | Found a staircase to the Swamp.
 10467 | Lair:2   | Noticed a four-headed hydra
 10480 | Lair:2   | Killed a four-headed hydra
 11016 | Lair:3   | Identified the ring of Xiolouck {rElec rN+ rCorr Str-4
                  | Slay+5}
 11096 | Lair:3   | Reached skill level 18 in Axes
 11551 | Lair:3   | Noticed a five-headed hydra
 11573 | Lair:3   | Killed a five-headed hydra
 11573 | Lair:3   | Received a gift from Trog
 11712 | Lair:3   | Found a runed translucent gate.
 11712 | Lair:3   | Found a runed translucent gate.
 11713 | Lair:3   | Found a runed translucent gate.
 11714 | Lair:3   | Noticed a quicksilver ooze
 11716 | Lair:3   | Noticed rgaf's ghost (journeyman DsBr)
 11723 | Lair:3   | Found a viscous altar of Jiyva.
 11841 | Lair:3   | Noticed a four-headed hydra
 11847 | Lair:3   | Reached skill level 10 in Armour
 11855 | Lair:3   | Killed a four-headed hydra
 11859 | Lair:3   | Reached XP level 13. HP: 102/119 MP: 12/12
 12694 | Lair:4   | Found a hole to the Spider Nest.
 12834 | Lair:4   | Reached skill level 19 in Axes
 14305 | Lair:5   | Received a gift from Trog
 14943 | Lair:6   | Entered Level 6 of the Lair of Beasts
 16000 | Lair:6   | Reached skill level 20 in Axes
 16090 | Lair:6   | Reached XP level 14. HP: 130/130 MP: 13/13
 16727 | Lair:6   | Found a staircase to the Slime Pits.
 16728 | Lair:6   | Found a viscous altar of Jiyva.
 17639 | D:10     | Entered Level 10 of the Dungeon
 18341 | D:10     | Noticed Erolcha
 18363 | D:10     | Killed Erolcha
 18839 | D:11     | Identified the +1 robe of Qiet {Int+5 Dex+4}
 18920 | D:11     | Identified the +0 pair of boots "Feogex" {rC+++ Str+3
                  | Stlth+}
 18947 | D:11     | Found a shadowy altar of Dithmenos.
 18979 | D:11     | Received a gift from Trog
 19170 | D:11     | Noticed Psyche
 19175 | D:11     | Killed Psyche
 19246 | D:11     | Noticed Snorg
 19248 | D:11     | Noticed Gastronok
 19253 | D:11     | Killed Snorg
 19261 | D:11     | Killed Gastronok
 19668 | D:12     | Reached skill level 15 in Fighting
 19872 | D:12     | Found a staircase to the Orcish Mines.
 20299 | Orc:1    | Entered Level 1 of the Orcish Mines
 20464 | Orc:1    | Reached skill level 21 in Axes
 20632 | Orc:1    | Noticed an orc warlord
 20633 | Orc:1    | Reached ****** piety under Trog
 20948 | Orc:1    | Killed an orc warlord
 21326 | Orc:2    | Entered Level 2 of the Orcish Mines
 21326 | Orc:2    | Found Koafe's Armour Boutique.
 21331 | Orc:2    | Noticed Nessos
 21644 | Orc:1    | Succumbed to Nessos's poison

Illustrated notes

Levels and vault maps discovered:
D:1:      minmay_arrival_arboretum_small, layout_basic, serial_shops, shop,
          chequers_arboretum
D:2:      layout_basic, hangedman_decor_peaks_small, uniq_terence, uniq_jessica
D:3:      layout_loops_ring, lightli_temple_of_fire, serial_shops, shop,
          nicolae_shop_statue_plus, shop, ebering_ghost_disaster_area,
          hellmonk_ecumenical_altar_heavens_door, serial_park_tiny_1,
          uniq_natasha, uniq_grinder, uniq_crazy_yiuf_cottage
D:4:      kennysheep_goblin_castle, layout_basic
D:5:      layout_loops_ring, uniq_duvessa, uniq_sigmund
D:6:      layout_loops_ring, serial_aquarium, aquarium_bridge_square
          [aquarium_subvault_wall, aquarium_subvault_bridge,
          aquarium_subvault_bridge, aquarium_subvault_bridge],
          aquarium_window_corner, aquarium_window_1, aquarium_view_2d,
          aquarium_balcony_5b, guppyfry_early_elven_hall
D:7:      layout_basic, kennysheep_mini_moat, minmay_temple_entry_statues,
          nrook_loot_triangle, hangedman_minor_gate_pass
D:8:      layout_gridville, nicolae_lava_and_water
D:9:      layout_stronghold, dpeg_oklobed_lair
D:10:     layout_basic, uniq_erolcha
D:11:     layout_roguey, grunt_dithmenos_smoke, uniq_gastronok, uniq_psyche,
          uniq_snorg
D:12:     layout_small_grid, david_orc_5
Lair:1:   gammafunk_cloud_chamber, layout_cave_pods, serial_bayou_shore_b,
          infiniplex_staircase_pool, uniq_erica, uniq_grum, uniq_maggie
Lair:2:   layout_chaotic_city, swamp_mist, gammafunk_ghost_necromancy,
          beast_lair_carwin_11
Lair:3:   layout_cave_pods, gammafunk_ghost_endoplasm, grunt_megastairs_3,
          minmay_lair_oklob_chamber, serial_bayou_shore_b,
          infiniplex_staircase_pool_2, lemuel_fruit_tree
Lair:4:   layout_cave_pods, dummy_spider_entry, grunt_forest_large_clearings
Lair:5:   layout_regular_city, serial_bayou_shore_b, grunt_megastairs_1
Lair:6:   due_jungle_book, layout_gridlike, slime_altar_1,
          chequers_serial_rivers_small_3, grunt_megastairs_2
Orc:1:    cheibrodos_orc_arena, layout_caves
Orc:2:    kennysheep_orc_mage_school, layout_diamond_mine,
          nicolae_volcano_entry_two_sided, special_room, basic_altar,
          serial_shops, shop, uniq_nessos

Skill      XL: |  1  2  3  4  5  6  7  8  9 10 11 12 13 14 |
---------------+-------------------------------------------+-----
Axes           | 4 5 6 8 9 10 11 15 16 17 18 20 21 | 21.0
Fighting       | 4 6 10 11 12 13 15 | 15.1
Armour         | 3 5 6 8 10 11 12 | 12.8
Dodging        | 3 4 5 6 7 |  7.6
Evocations     | 1 2 4 5 |  5.0

Action                   |  1- 3 |  4- 6 |  7- 9 | 10-12 | 13-15 || total
-------------------------+-------+-------+-------+-------+-------++-------
Melee: Hand axe          |    44 |    89 |    14 |       |       ||   147
       Headbutt          |     7 |    20 |    22 |   107 |   168 ||   324
       Trident           |       |       |   104 |   550 |   799 ||  1453
Throw: Dart              |       |       |     1 |       |       ||     1
Invok: Berserk           |     3 |     5 |     1 |     3 |     4 ||    16
       Brothers in Arms  |       |       |       |     1 |       ||     1
       Trog's Hand       |       |       |       |       |     1 ||     1
Evoke: Wand              |       |       |       |     6 |       ||     6
  Use: Scroll            |       |     2 |     7 |    13 |     4 ||    26
       Potion            |       |       |     1 |       |     1 ||     2
 Stab: Distracted        |       |       |       |     1 |       ||     1
       Petrified         |       |       |       |       |     4 ||     4
Armor: Ring mail         |    12 |       |       |       |       ||    12
       Animal skin       |     3 |       |       |       |       ||     3
       Scale mail        |     5 |     9 |       |       |       ||    14
       Chain mail        |       |    19 |    26 |    45 |       ||    90
       Plate armour      |       |       |       |   128 |   269 ||   397
Dodge: Dodged            |    26 |    42 |    41 |   138 |   192 ||   439
Block: Other             |       |     3 |    13 |    56 |    96 ||   168
       Reflection        |       |       |       |     1 |     3 ||     4

Table legend: (Time is in decaauts)
 A = Elapsed time spent in this place.
 B = Non-inter-level travel time spent in this place.
 C = Inter-level travel time spent in this place.
 D = Time resting spent in this place.
 E = Time spent auto-exploring this place.
 F = Levels seen in this place.
 G = Mean time per level.
                   A        B        C        D        E       F      G
               +--------+--------+--------+--------+--------+-----+--------+
         Total |  21375 |  20305 |   1070 |   2575 |  13665 |  20 | 1068.8 |
       Dungeon |  11268 |  10657 |    611 |    645 |   8054 |  12 |  939.0 |
          Lair |   8803 |   8399 |    404 |   1477 |   5095 |   6 | 1467.2 |
  Orcish Mines |   1303 |   1249 |     54 |    452 |    515 |   2 |  651.5 |
               +--------+--------+--------+--------+--------+-----+--------+

Top non-repeatable levels by time:
  Lair:5: 2251 daAuts
  Lair:3: 1606 daAuts
  Lair:6: 1580 daAuts
     D:3: 1335 daAuts
   Orc:1: 1284 daAuts
     D:7: 1226 daAuts
  Lair:2: 1198 daAuts
  Lair:1: 1134 daAuts
     D:5: 1040 daAuts
  Lair:4: 1031 daAuts
     D:9: 999 daAuts
    D:10: 937 daAuts
     D:6: 883 daAuts
    D:12: 853 daAuts
     D:1: 819 daAuts
